 Dungeon Crawl Stone Soup version 0.24.0-123-gd5b16e6ec5 (webtiles) character file.

Game seed: 8386278049420384135, levelgen mode: deterministic

126 Descartes the Magician (level 4, -3/21 HPs)
             Began as a Spriggan Wizard on Jan 6, 2020.
             Killed from afar by an orc wizard (10 damage)
             ... with a puff of flame
             ... on level 2 of the Dungeon.
             The game lasted 00:11:47 (4372 turns).

Descartes the Magician (Spriggan Wizard)            Turns: 4372, Time: 00:11:48

Health: -3/21      AC:  2    Str:  3    XL:     4   Next: 84%
Magic:  7/11       EV: 19    Int: 20    God:
Gold:   80         SH:  0    Dex: 14    Spells: 3/12 levels left

rFire    . . .     SeeInvis +   n - +1 short sword (elec)
rCold    . . .     Gourm    .   (shield restricted)
rNeg     . . .     Faith    .   a - +0 robe
rPois    .         Spirit   .   b - +0 hat
rElec    .         Reflect  .   (no cloak)
rCorr    .         Harm     .   (gloves unavailable)
MR       .....                  (boots unavailable)
Stlth    +++.......             (no amulet)
HPRegen  0.07/turn              (no ring)
MPRegen  0.12/turn              (no ring)

@: very quick
A: very small, unfitting armour, see invisible, herbivore, speed 3, slow
metabolism 2
a: no special abilities


You were on level 2 of the Dungeon.
You were hungry.

You visited 1 branch of the dungeon, and saw 2 of its levels.

You collected 80 gold pieces.

Inventory:

Hand Weapons
 n - a +1 short sword of electrocution (weapon)
Missiles
 c - 28 stones (quivered)
 e - a throwing net
 m - 21 bolts
Armour
 a - a +0 robe (worn)
 b - a +0 hat (worn)
Scrolls
 g - 2 scrolls of identify {unknown}
 h - a scroll of remove curse
 i - a scroll of teleportation {unknown}
 l - a scroll of enchant weapon {unknown}
Potions
 f - a potion of degeneration {unknown}
 j - a potion of flight {unknown}
 k - a potion of curing {unknown}
Comestibles
 d - a ration


   Skills:
 + Level 0.7 Short Blades
 + Level 4.1 Dodging
 + Level 4.2 Stealth
 + Level 4.5 Spellcasting
 * Level 1.8 Conjurations
   Level 0.7 Summonings
 * Level 2.8 Translocations
 + Level 0.1 Fire Magic
 + Level 0.1 Air Magic
 + Level 0.1 Poison Magic


You had 3 spell levels left.
You knew the following spells:

 Your Spells              Type           Power        Failure   Level  Hunger
a - Magic Dart            Conj           ##..         5%          1    None
b - Blink                 Tloc           N/A          6%          2    #......
c - Conjure Flame         Conj/Fire      #.......     24%         3    ##.....
d - Mephitic Cloud        Conj/Pois/Air  #.......     26%         3    ##.....

Your spell library contained the following spells:

 Spells                   Type           Power        Failure   Level  Hunger
 Call Imp                 Summ           #.......     14%         2    #......
 Slow                     Hex            #.......     19%         2    #......


Dungeon Overview and Level Annotations

Branches:
Dungeon (2/15)

Altars:


Innate Abilities, Weirdness & Mutations

You are very small and have problems with some larger weapons.
You are too small for most types of armour.
You have supernaturally acute eyesight. (SInv)
You are a herbivore.
You cover ground extremely quickly.
You need to consume almost no food.


Message History

The orc wizard hits you with a +0 dagger. x2
You closely miss the orc wizard.
The orc wizard is moderately wounded.
The orc wizard gestures at you while chanting.
The puff of frost hits you.
You hit the orc wizard.
The orc wizard is heavily wounded.
The orc wizard hits you but does no damage.
The orc wizard closely misses you.
Casting: Magic Dart (safe; 5% risk of failure)
Confirm with . or Enter, or press ? or * to list all spells.
Aiming: Magic Dart (safe; 5% risk of failure)
Press: ? - help, Shift-Dir - straight line, f - orc wizard
Aim: an orc wizard, wielding a +0 dagger and wearing a +0 robe (moderately wounded, fast)
The magic dart hits the orc wizard.
The orc wizard is moderately wounded.
The orc wizard misses you.
The orc wizard points at you and mumbles some strange words.
The puff of flame hits you!
You die...

***,,,,,,,**,*
*,,,,**,*****,,,*
*,******##.###**,,,,,,,,,,,,,,*
*,* #....# *,,,**,*****,,,* *,*
#....# *,,,**,*****,,,* *,*
#....# **,,,,,,,,,,,,,, *,*
#....# *,*#*,<,,,,,,,, *,*
#....# *,.#*,*****,,,* *,*
##....####..##,* *,,,* *,*
#......@o....#,* *,,,, *,*
#.#.######.#.#,* *,,,, *,*
#.#.# *,#,*,* *,,,, *,* #.#.#
*,*,,[* **,,,
*,######.#.######,**,,******,,,
*,................,,,†,,,,,,,,,
**##............#.**,>*****,,,,
#............#,,,,),,,,*,,,,
#............#****,*****,,,,


You could see an orc wizard.

Vanquished Creatures
  An orc priest (D:2)
  3 adders (D:2)
  2 dart slugs
  3 leopard geckos (D:1)
  3 orcs
  A ball python (D:2)
  A giant cockroach (D:2)
  3 goblins (D:1)
  7 hobgoblins
  11 jackals
  7 kobolds (D:1)
  A quokka (D:2)
  6 bats
  2 frilled lizards
  3 rats (D:2)
54 creatures vanquished.

Notes
Turn   | Place    | Note
-------+----------+-------------------------------------------
     0 | D:1      | Descartes the Spriggan Wizard began the quest for the Orb.
     0 | D:1      | Reached XP level 1. HP: 9/9 MP: 6/6
   215 | D:1      | Reached skill level 1 in Conjurations
   215 | D:1      | Reached XP level 2. HP: 13/13 MP: 2/8
   270 | D:1      | Learned a level 2 spell: Blink
  1448 | D:1      | Reached XP level 3. HP: 9/16 MP: 1/9
  3723 | D:2      | Reached XP level 4. HP: 11/21 MP: 4/11
  4115 | D:2      | Learned a level 3 spell: Conjure Flame
  4119 | D:2      | Learned a level 3 spell: Mephitic Cloud
  4372 | D:2      | Killed from afar by an orc wizard

Levels and vault maps discovered:
D:1:      dpeg_arrival_radiant, layout_basic
D:2:      layout_basic

Skill      XL: |  1  2  3  4 |
---------------+-------------+-----
Conjurations   | 1 |  1.8
Translocations | 2 |  2.8
Dodging        | 4 |  4.1
Stealth        | 4 |  4.2
Short Blades   | |  0.7
Spellcasting   | |  4.5
Summonings     | |  0.7
Fire Magic     | |  0.1
Air Magic      | |  0.1
Poison Magic   | |  0.1

Action                   |  1- 3 |  4- 6 || total
-------------------------+-------+-------++-------
Melee: Dagger            |    39 |       ||    39
       Short sword       |    12 |    15 ||    27
 Cast: Magic Dart        |   154 |    35 ||   189
  Use: Scroll            |     1 |       ||     1
Armor: Robe              |    13 |     1 ||    14
Dodge: Dodged            |    84 |    16 ||   100
